Map: Romanticide LE

Players

Vadim

  • Race: Zerg Zerg
  • League: Platinum

Massa - Winner!

  • Race: Terran Terran
  • League: Platinum

VOD

Have the link to the VOD?

Description

Time

  • Played on: April 29, 2021, 3:19 p.m.
  • Length: 12:48
Show
View Real Time Build Order
Export as new Build Order

Vadim Zerg 

Build Orders: Hatch First, Ravager All-In 

Get SALT Encoding   

  12  0:00  Drone  
  13  0:08  Drone  
  14  0:17  Overlord  
  14  0:23  Drone, Extractor  
  15  0:36  Drone x2  
  17  0:50  Drone  
  18  1:00  Hatchery  
  17  1:11  Spawning Pool  
  17  1:14  Extractor  
  17  1:15  Drone  
  17  1:18  Drone  
  17  1:21  Drone  
  18  1:40  Drone x2  
  20  2:00  Roach Warren  
  19  2:13  Spine Crawler, Queen  
  20  2:17  Drone x3  
  20  2:21  Extractor  
  22  2:24  Zergling x4  
  25  2:31  Spine Crawler  
  25  2:36  Spine Crawler  
  24  2:39  Zergling x2  
  25  2:49  Queen  
  27  2:57  Overlord x2  
  27  3:18  Roach x2  
  31  3:23  Hatchery  
  30  3:37  Roach  
  30  3:40  Ravager x2  
  34  3:46  Roach  
  36  3:52  Overlord x2  
  36  4:02  Overlord  
  36  4:16  Ravager  
  37  4:17  Ravager  
  37  4:19  Queen  
  40  4:26  Roach x2  
  44  4:47  Lair  
  44  4:50  Ravager x2  
  46  5:13  Drone  
  46  5:14  Drone x5  
  52  5:28  Drone x2  
  54  5:30  Zergling x2  
  55  5:37  Drone, Spore Crawler  
  55  5:38  Drone  
  55  5:39  Spore Crawler  
  51  5:58  Roach  
  51  5:59  Roach x4  
  61  6:09  Spore Crawler  
  61  6:10  Drone x2  
  61  6:31  Nydus Network  
  60  6:33  Roach  
  60  6:34  Roach x2  
  66  6:50  Overseer  
  66  6:55  Overlord x3  
  66  7:08  Nydus Canal  
  66  7:19  Zergling x6  
  66  7:20  Metabolic Boost, Zergling x6  
  52  7:53  Drone  
  52  7:54  Drone x5  
  42  8:04  Drone  
  42  8:05  Queen  
  45  8:06  Queen  
  47  8:23  Hatchery  
  46  8:28  Zergling x10  
  46  8:32  Baneling Nest, Extractor x2  
  47  8:37  Zergling x2  
  48  8:43  Zergling x2  
  49  8:55  Zergling x2  
  49  8:57  Zergling x2  
  49  8:59  Zergling x2  
  49  9:01  Queen  
  49  9:02  Zergling x2  
  55  9:10  Zergling x6  
  55  9:16  Centrifical Hooks  
  58  9:17  Evolution Chamber, Zergling x4  
  58  9:18  Evolution Chamber, Zergling x6  
  58  9:21  Baneling x2  
  58  9:22  Baneling  
  61  9:26  Drone  
  62  9:56  Zergling x8  
  62  9:57  Zergling x2  
  67  10:00  Drone x4  
  70  10:17  Drone  
  70  10:18  Drone  
  72  10:27  Drone  
  73  10:30  Baneling  
  73  10:31  Baneling x4  
  73  10:32  Drone x3  
  76  10:41  Zergling x2  
  76  10:42  Overlord x2  
  77  10:43  Overlord  
  77  10:47  Baneling x3  
  77  10:48  Baneling x5  
  77  10:49  Overlord  
  50  11:26  Zergling x16  
  50  11:27  Zergling x2  
  59  11:38  Zergling x4  
  59  11:39  Zergling x2  
  62  11:49  Drone x3  
  65  11:56  Queen x2  
  67  12:01  Zergling x2  
  67  12:02  Zergling x4  
  67  12:03  Baneling x12  
  67  12:04  Baneling x7  
  70  12:11  Zergling x2  
  70  12:12  Zergling x4  
  64  12:29  Zergling x2  
  52  12:30  Zergling x2  
Show
View Real Time Build Order
Export as new Build Order

Massa Terran - Winner!

Build Orders:  

Get SALT Encoding   

  12  0:00  SCV  
  13  0:12  SCV  
  14  0:17  Supply Depot  
  14  0:24  SCV  
  14  0:28  Refinery  
  15  0:38  SCV  
  16  0:44  Barracks  
  16  0:50  SCV  
  17  1:03  SCV  
  18  1:16  SCV  
  19  1:31  Reaper  
  20  1:34  Orbital Command  
  20  1:35  Barracks  
  20  1:40  Bunker  
  20  1:53  Supply Depot  
  20  1:57  Factory  
  20  2:03  Marine  
  20  2:05  SCV  
  22  2:18  SCV  
  22  2:21  Marine  
  24  2:26  Marine  
  25  2:30  SCV  
  26  2:39  Marine  
  27  2:47  Factory Tech Lab, Marine  
  27  2:48  SCV  
  29  2:52  Refinery  
  29  2:53  Starport  
  29  2:56  Marine  
  30  3:10  Command Center  
  30  3:24  Supply Depot  
  30  3:27  Barracks Tech Lab  
  30  3:33  Supply Depot  
  30  3:34  Starport Tech Lab  
  30  3:46  Siege Tank  
  33  4:03  Banshee  
  36  4:10  Supply Depot  
  36  4:12  Marine  
  36  4:16  Marauder  
  39  4:30  Marine  
  40  4:38  Marauder  
  42  4:40  Orbital Command  
  42  4:59  Banshee  
  45  5:01  Marauder  
  45  5:03  Marine, Widow Mine  
  50  5:21  Marine  
  51  5:42  Stimpack  
  41  5:56  Marauder, Marine  
  40  6:11  SCV x2  
  40  6:17  Marauder  
  44  6:23  SCV x2, Siege Tank  
  49  6:29  Cloaking Field  
  49  6:31  Marine  
  47  6:35  SCV  
  47  6:38  Marine  
  49  6:44  Barracks  
  49  6:46  Barracks  
  49  6:49  Marine  
  49  6:51  Medivac  
  52  6:55  Siege Tank  
  55  7:16  Marauder, Marine  
  58  7:27  Siege Tank  
  61  7:34  Marine  
  59  7:38  Marauder  
  50  7:52  Marine  
  48  7:59  Marauder  
  50  8:10  Marine  
  51  8:21  Marauder  
  53  8:28  Marine  
  54  8:38  Medivac  
  56  8:42  Marauder  
  56  8:47  Orbital Command  
  58  9:00  Marine  
  59  9:03  Barracks Tech Lab, Barracks Reactor, Marine  
  59  9:07  Combat Shield  
  60  9:14  Widow Mine  
  62  9:25  Supply Depot  
  62  9:26  Supply Depot  
  62  9:27  Supply Depot  
  62  9:28  Supply Depot  
  62  9:47  Widow Mine, Marine x2, SCV x2  
  68  9:59  SCV x2  
  67  10:04  Marine  
  67  10:05  Marauder  
  70  10:17  Marauder, Marine  
  70  10:18  SCV  
  70  10:19  SCV  
  75  10:22  Marine  
  75  10:24  Siege Tank  
  75  10:26  Marauder  
  81  10:30  SCV, Command Center  
  81  10:31  SCV  
  83  10:39  Marauder  
  85  10:43  Medivac, SCV x2  
  85  10:48  Marauder  
  91  10:55  SCV x2  
  93  10:58  Engineering Bay  
  93  11:02  Supply Depot  
  93  11:03  Engineering Bay  
  93  11:04  Siege Tank  
  93  11:07  SCV  
  95  11:13  Medivac  
  80  11:26  Supply Depot  
  80  11:32  Command Center  
  80  11:36  Marauder x2  
  80  11:39  Siege Tank  
  87  11:43  Barracks Tech Lab  
  87  11:48  Medivac  
  87  11:52  Refinery  
  87  11:53  Refinery  
  89  11:57  Marauder x2  
  93  12:18  Marauder  
Tags
 
Add a new tag
Caveats
  • Supply blocks, unpowered buildings, or Contaminate may cause inaccurate times.
  • Supply counts are checked every 10 seconds.